 Dungeon Crawl Stone Soup version 0.32-a0-868-g153ae1a8d6 (webtiles) character file.

Game seed: 11616689780875881809

109 lagrange the Ruffian (level 4, -6/45 HPs)
             Began as a Troll Berserker on Mar 29, 2024.
             Was a Believer of Trog.
             Mangled by an orc
             ... wielding a +0 trident
              (8 damage)
             ... on level 3 of the Dungeon.
             The game lasted 00:04:27 (1610 turns).

lagrange the Ruffian (Troll Berserker)              Turns: 1610, Time: 00:04:29

Health: -6/45      AC:  4    Str: 25    XL:     4   Next: 60%
Magic:  3/3        EV:  9    Int:  3    God:    Trog [**....]
Gold:   123        SH:  0    Dex: 11    Spells: 3/3 levels left

rFire   . .          .
                       - Unarmed
rCold   . . .        (no shield)
rNeg    . . .        a - +0 animal skin
rPois   .            (helmet restricted)
rElec   .            (no cloak)
rCorr   .            (gloves unavailable)
SInv    .            (boots unavailable)
Will    .....        j - amulet of the acrobat
Stlth   +            (no ring)
HPRegen 1.07/turn    (no ring)
MPRegen 0.08/turn

%: acrobat
@: on berserk cooldown, slowed, very slow
A: large, unfitting armour, claws 3, regeneration 1, shaggy fur 1, tough skin 1
a: Renounce Religion, Berserk, Trog's Hand


You were on level 3 of the Dungeon.
You worshipped Trog.
Trog was pleased with you.
You visited 1 branch of the dungeon, and saw 3 of its levels.

You collected 123 gold pieces.

Inventory:

Missiles
 e - 6 datura-tipped darts (quivered)
Armour
 a - a +0 animal skin (worn)
Jewellery
 j - an amulet of the acrobat (around neck)
 n - an amulet of faith
Scrolls
 b - a scroll of fog {unknown}
 c - a scroll of fear {unknown}
 d - a scroll of identify
 g - a scroll of enchant weapon {unknown}
 h - a scroll of amnesia {unknown}
 k - a scroll of enchant armour {unknown}
 m - a scroll of brand weapon {unknown}
 o - a scroll of vulnerability {unknown}
Potions
 f - a potion of curing
 i - 2 potions of attraction {unknown}
 l - a potion of lignification {unknown}


   Skills:
 + Level 3.0 Fighting
 + Level 3.2 Dodging
 + Level 4.2 Unarmed Combat


You had 3 spell levels left.
You didn't know any spells.
Your spell library was empty.

Dungeon Overview and Level Annotations

Branches:
Dungeon (3/15)

Altars:


Innate Abilities, Weirdness & Mutations

You are too large for most types of armour.
You have claws for hands.
Your natural rate of healing is unusually fast.
You are covered in fur. (AC +1)
You have tough skin. (AC +1)


Message History

The orc hits you from afar with a +0 trident!
Items here: ) [ ††.
You scratch the endoplasm.
The endoplasm is heavily wounded.
You completely miss the orc priest.
The orc priest hits you but does no damage.
The endoplasm misses you. The orc hits you with a +0 dagger.
The endoplasm barely misses you. The orc closely misses you.
You closely miss the orc priest. You closely miss the orc priest.
You are no longer berserk.
You are exhausted.
You feel yourself slow down. The endoplasm hits you. x2
The orc hits you but does no damage.
The orc priest hits you with a +0 hand axe.
The orc hits you from afar with a +0 trident.
You scratch the orc priest.
The orc priest is lightly wounded.
The endoplasm hits you.
The endoplasm hits you but does no damage.
The orc hits you with a +0 dagger.
The orc priest hits you with a +0 hand axe.
The orc misses you.
You scratch the orc priest.
The orc priest is heavily wounded.
The endoplasm closely misses you. x2; The orc closely misses you.
The orc priest hits you with a +0 hand axe.
The orc hits you from afar with a +0 trident.
* * * LOW HITPOINT WARNING * * *
The endoplasm freezes you.
You are frozen.
* * * LOW HITPOINT WARNING * * *
The endoplasm hits you.
* * * LOW HITPOINT WARNING * * *
The orc hits you with a +0 dagger.
* * * LOW HITPOINT WARNING * * *
The orc priest hits you with a +0 hand axe.
* * * LOW HITPOINT WARNING * * *
The orc hits you from afar with a +0 trident!
You die...

#.......#.##
#..#####..# #..# ..#
###.## ..# ####..)#
... #..).#.# ..#.
#...####.##### #.#
............))##..#.#
##...########@o.....#
.. #....ooJJ...... #
#.......#....##
.............#
...........^...
.###.#.......##
#...#..#### #..# ..#


You could see an orc priest, 2 orcs and 2 endoplasms.

Vanquished Creatures
  Jessica (D:3)
  2 adders (D:2)
  2 ribbon worms (D:2)
  A dart slug (D:1)
  7 orcs (D:3)
  3 ball pythons (D:2)
  4 endoplasms
  4 giant cockroaches
  5 hobgoblins
  A quokka (D:1)
  4 bats
  3 frilled lizards
  4 goblins
  A kobold (D:1)
  5 rats
47 creatures vanquished.

Vanquished Creatures (collateral kills)
  A ribbon worm (D:2)
  A kobold (D:1)
2 creatures vanquished.

Grand Total: 49 creatures vanquished

Notes
Turn   | Place    | Note
-------+----------+-------------------------------------------
     0 | D:1      | lagrange the Troll Berserker began the quest for the Orb.
     0 | D:1      | Reached XP level 1. HP: 22/22 MP: 0/0
   185 | D:1      | Reached XP level 2. HP: 25/29 MP: 1/1
   574 | D:2      | Reached XP level 3. HP: 30/36 MP: 2/2
  1100 | D:2      | Reached ** piety under Trog
  1101 | D:2      | Reached skill level 4 in Unarmed Combat
  1568 | D:3      | Reached XP level 4. HP: 44/44 MP: 3/3
  1588 | D:3      | Noticed Jessica
  1603 | D:3      | Killed Jessica
  1610 | D:3      | HP: 2/45 [orc priest/+0 hand axe (3)]
  1610 | D:3      | Mangled by an orc

Illustrated notes

Levels and vault maps discovered:
D:1:      lemuel_arrival_hallway, layout_basic, kennysheep_small_spiral
D:2:      layout_basic, minmay_misc_feat_square
D:3:      layout_rooms, nicolae_hepliaklqana_monster_ancestors,
          cheibrodos_gnoll_hut, uniq_jessica

Skill      XL: |  1  2  3  4 |
---------------+-------------+-----
Unarmed Combat | 4 |  4.2
Dodging        | 3 |  3.2
Fighting       | 3 |  3.0

Action                     |  1- 3 |  4- 6 || total
---------------------------+-------+-------++-------
  Melee: Unarmed           |   111 |    21 ||   132
         Punch             |     4 |       ||     4
  Throw: Dart              |     4 |       ||     4
 Invoke: Berserk           |       |     1 ||     1
    Use: Scroll            |     1 |       ||     1
 Armour: Animal skin       |    75 |    25 ||   100
  Dodge: Dodged            |    78 |    18 ||    96

Table legend: (Time is in decaauts)
 A = Elapsed time spent in this place.
 B = Non-inter-level travel time spent in this place.
 C = Inter-level travel time spent in this place.
 D = Time resting spent in this place.
 E = Time spent auto-exploring this place.
 F = Levels seen in this place.
 G = Mean time per level.
                   A        B        C        D        E       F      G
               +--------+--------+--------+--------+--------+-----+--------+
         Total |   1596 |   1529 |     67 |      0 |   1123 |   3 |  532.0 |
       Dungeon |   1596 |   1529 |     67 |      0 |   1123 |   3 |  532.0 |
               +--------+--------+--------+--------+--------+-----+--------+

Top non-repeatable levels by time:
     D:2: 984 daAuts
     D:1: 557 daAuts
     D:3: 54 daAuts
